 Dungeon Crawl Stone Soup version 0.22.0-75-g3901e79 (webtiles) character file.

182 Fang the Skirmisher (level 5, 0/51 HPs)
             Began as a Gargoyle Berserker on Sept 11, 2018.
             Was a Believer of Trog.
             Slain by a crocodile (12 damage)
             ... in a sewer.
             The game lasted 00:02:06 (2411 turns).

Fang the Skirmisher (Gargoyle Berserker)            Turns: 2411, Time: 00:02:07

Health: 0/51       AC:  7    Str: 27    XL:     5   Next: 61%
Magic:  5/5        EV: 12    Int:  7    God:    Trog [**....]
Gold:   150        SH:  0    Dex:  9    Spells: 4/4 levels left

rFire    . . .     SeeInvis .   a - +0 hand axe
rCold    . . .     Gourm    .   (no shield)
rNeg     + . .     Faith    .   g - +0 leather armour (curse)
rPois    ∞         Spirit   .   (no helmet)
rElec    +         Reflect  .   (no cloak)
rCorr    .         Harm     .   (no gloves)
MR       .....                  (no boots)
Stlth    ..........             (no amulet)
HPRegen  0.17/turn              (no ring)
MPRegen  0.09/turn              (no ring)

@: berserking, very quick
A: negative energy resistance 1, electricity resistance, unbreathing,
petrification resistance, rot immunity, AC +4
a: Berserk, Trog's Hand, Renounce Religion


You were in a sewer.
You worshipped Trog.
Trog was pleased with you.
You were near starving.

You visited 1 branch of the dungeon, and saw 3 of its levels.
You also visited: Sewer.

You collected 150 gold pieces.

Inventory:

Hand Weapons
 a - a +0 hand axe (weapon)
Armour
 b - a +0 animal skin
 g - a cursed +0 leather armour (worn)
Scrolls
 d - 2 scrolls of identify {unknown}
 f - a scroll of blinking {unknown}
 h - a scroll of remove curse {unknown}
 i - a scroll of teleportation {unknown}
Potions
 e - a potion of curing {unknown}
 j - a potion of invisibility {unknown}
 k - a potion of haste {unknown}
Comestibles
 c - 5 rations


   Skills:
 + Level 4.5 Fighting
 + Level 4.4 Axes
 + Level 2.3 Armour
 + Level 2.1 Dodging
 + Level 0.7 Stealth


You had 4 spell levels left.
You didn't know any spells.
Your spell library was empty.

Dungeon Overview and Level Annotations

Branches:
Dungeon (3/15)

Altars:


Innate Abilities, Weirdness & Mutations

You are resistant to torment.
Your stone body is resilient. (AC +4)
You are immune to poison.
You resist negative energy. (rN+)
You are resistant to electric shocks. (rElec)
You can survive without breathing.
You are immune to petrification.
You are immune to rotting.


Message History

The crocodile bites you but does no damage.
You completely miss the crocodile.
The crocodile is moderately wounded.
The crocodile bites you but does no damage.
You closely miss the crocodile.
The crocodile is moderately wounded.
The crocodile bites you!
* * * LOW HITPOINT WARNING * * *
You are too injured to fight recklessly!
You are too injured to fight recklessly!
You are too injured to fight recklessly!
A red film seems to cover your vision as you go berserk!
You feel yourself moving faster!
You feel mighty!
You are near starving!
The crocodile bites you.
* * * LOW HITPOINT WARNING * * *
You closely miss the crocodile.
The crocodile is moderately wounded.
The crocodile bites you!
You die...

#...
#≈≈.#
#..#
##≈.# #..
#≈.# #
#..# #≈
##..# #..
#≈..# #.≈
##..##
#..≈#≈..#
#.≈≈@.##
#≈..t≈#
##≈.≈##
#...#
≈#.#.
%(#. %
##### #


You could see a crocodile.

Vanquished Creatures
  An ogre (D:2)
  2 adders
  An ooze (D:2)
  3 worms (D:2)
  2 dart slugs (D:1)
  A giant cockroach (D:2)
  11 goblins
  6 hobgoblins
  5 jackals
  4 bats
  6 frilled lizards
  9 kobolds
  16 rats (D:1)
67 creatures vanquished.

Notes
Turn   | Place    | Note
-------+----------+-------------------------------------------
     0 | D:1      | Fang the Gargoyle Berserker began the quest for the Orb.
     0 | D:1      | Reached XP level 1. HP: 14/14 MP: 1/1
    25 | D:1      | Reached XP level 2. HP: 4/19 MP: 2/2
   649 | D:1      | Reached XP level 3. HP: 22/24 MP: 3/3
   776 | D:1      | Reached ** piety under Trog
  1353 | D:2      | Noticed an ogre
  1359 | D:2      | Killed an ogre
  1359 | D:2      | Reached XP level 4. HP: 29/29 MP: 4/4
  1359 | D:2      | Reached XP level 5. HP: 33/33 MP: 5/5
  2316 | D:3      | Found a glowing drain.
  2342 | Sewer    | Entered a sewer
  2402 | Sewer    | Noticed a crocodile
  2411 | Sewer    | Slain by a crocodile

Skill      XL: |  1  2  3 |
---------------+----------+-----
Axes           | 3 4 |  4.4
Fighting       | 4 |  4.5
Dodging        | 2 |  2.1
Armour         | |  2.3
Stealth        | |  0.7

Action                   |  1- 3 |  4- 6 || total
-------------------------+-------+-------++-------
Melee: Hand axe          |   101 |   119 ||   220
Invok: Berserk           |     2 |     1 ||     3
 Stab: Sleeping          |       |     2 ||     2
  Eat: Chunk             |     2 |     4 ||     6
Armor: Animal skin       |    26 |    14 ||    40
       Leather armour    |       |    16 ||    16
Dodge: Dodged            |    62 |    56 ||   118
